 Dungeon Crawl Stone Soup version 0.18.1-48-g4cf74bf (webtiles) character file.

234 Heedrag the Conjurer (level 5, -7/28 HPs)
             Began as a Deep Elf Conjurer on Aug 14, 2016.
             Killed from afar by an orc wizard (11 damage)
             ... with a puff of frost
             ... on level 3 of the Dungeon.
             The game lasted 00:05:13 (1996 turns).

Heedrag the Conjurer (Deep Elf Conjurer)            Turns: 1996, Time: 00:05:14

Health: -7/28      AC:  3    Str:  6    XL:     5   Next: 75%
Magic:  10/14      EV: 13    Int: 20    God:
Gold:   162        SH:  0    Dex: 15    Spells: 3 memorised, 4 levels left

rFire  . . .     SeeInvis .     g - +0 flail (drain)
rCold  . . .     Gourm    .     a - +0 robe
rNeg   . . .     Faith    .     (no shield)
rPois  .         Spirit   .     (no helmet)
rElec  .         Dismiss  .     (no cloak)
rCorr  +         Reflect  .     (no gloves)
SustAt .         Harm     .     k - +0 pair of boots
MR     .....                    t - amulet of regeneration
Stlth  +.........               r - ring of resist corrosion
                                d - ring of loudness (curse)

@: not resistant to hostile enchantments, very unstealthy
A: no striking features
a: no special abilities


You were on level 3 of the Dungeon.
You were not hungry.

You visited 1 branch of the dungeon, and saw 4 of its levels.

You collected 162 gold pieces.

Inventory:

Hand Weapons
 g - a +0 flail of draining (weapon)
 h - a +0 short sword
Armour
 a - a +0 robe (worn)
 k - a +0 pair of boots (worn)
Jewellery
 d - a cursed ring of loudness (left hand)
 q - an uncursed ring of protection from fire
 r - a ring of resist corrosion (right hand)
 t - an amulet of regeneration (around neck)
Scrolls
 i - a scroll of enchant weapon {unknown}
 j - 4 scrolls of identify {unknown}
 l - 3 scrolls of remove curse {unknown}
 m - 4 scrolls of fog {unknown}
 s - 2 scrolls of teleportation {unknown}
 v - a scroll of random uselessness {unknown}
Potions
 e - 2 potions of heal wounds {unknown}
 f - 3 potions of curing {unknown}
 n - a potion of degeneration {unknown}
 p - a potion of invisibility {unknown}
 u - a potion of lignification {unknown}
Books
 b - a book of Conjurations

   Spells                             Type                      Level
   a - Magic Dart                     Conjuration                  1
   b - Searing Ray                    Conjuration                  2
   c - Dazzling Spray                 Conjuration/Hexes            3
   d - Fulminant Prism                Conjuration/Hexes            4
   e - Iskenderun's Mystic Blast      Conjuration                  4
   f - Iskenderun's Battlesphere      Conjuration/Charms           5
Comestibles
 c - a bread ration
 o - a royal jelly
 w - 5 chunks of flesh


   Skills:
 - Level 2.4 Dodging
 - Level 2.4 Stealth
 + Level 5.0 Spellcasting
 * Level 6.9 Conjurations
 + Level 0.0 Charms


You had 4 spell levels left.
You knew the following spells:

 Your Spells              Type           Power        Failure   Level  Hunger
a - Magic Dart            Conj           ####         1%          1    None
b - Iskenderun's Mystic   Conj           ####....     10%         4    ####...
c - Iskenderun's Battles  Conj/Chrm      ###.....     82%         5    #####..


Dungeon Overview and Level Annotations

Branches:
Dungeon (4/15)
 Temple: D:4-7

Altars:

Annotations:
D:4 Miask's ghost, amateur GrFi


Message History

Press: ? - help, Shift-Dir - straight line, f/p - kobold
Aim: a kobold, wieldin' a short sword (severely wounded) Tha magic dart hits tha kobold.
Ye kill tha kobold!
Tha orc wizard points at ye an' mumbles some strange words.
Tha magic dart hits ye!
* * * LOW HITPOINT WARNIN'
* * * Tha orc wizard hits ye wit' a dagger.
* * * LOW HITPOINT WARNIN'
* * * Castin': Magic Dart Confirm wit' . or Enter, or press ? or * ta list all spells.
Aimin': Magic Dart
Press: ? - help, Shift-Dir - straight line, f - orc wizard
Aim: an orc wizard, wieldin' a dagger an' wearin' a robe Tha magic dart hits tha orc wizard.
Tha orc wizard be moderately wounded.
Tha orc wizard barely misses ye.
Tha orc wizard points at ye an' mumbles some strange words.
Tha puff o' frost hits ye!
Ye die...

#...[.......
#.........#.
#...........
#....[....#.
#...........
#...........
#...........
###)###.....
.#.
#.@o...#.#
...
#.o......#
....##
##.....####
.....
#?........
##..#
#..........
##...†
#..........
......
#......####
#[oo.
#......#...
#.).#.
....#..###...
..# #.


You could see 2 orc wizards.

Vanquished Creatures
  3 orc priests
  An orc wizard (D:4)
  3 adders
  2 oozes (D:1)
  3 worms (D:2)
  A dart slug (D:2)
  2 giant geckos
  2 orcs
  5 giant cockroaches
  6 goblins
  7 hobgoblins
  5 jackals
  7 kobolds
  A quokka (D:3)
  2 ball pythons
  12 bats
  5 giant newts
  5 rats
72 creatures vanquished.

Notes
Turn   | Place    | Note
--------------------------------------------------------------
     0 | D:1      | Heedrag the Deep Elf Conjurer began the quest for the Orb.
     0 | D:1      | Reached XP level 1. HP: 10/10 MP: 6/6
    25 | D:1      | You fall through a shaft!
   147 | D:2      | Reached XP level 2. HP: 15/15 MP: 4/8
   157 | D:2      | Reached skill level 5 in Conjurations
   595 | D:1      | Reached XP level 3. HP: 15/19 MP: 5/9
  1165 | D:2      | Reached XP level 4. HP: 24/24 MP: 4/11
  1618 | D:3      | Reached skill level 6 in Conjurations
  1775 | D:3      | Reached XP level 5. HP: 28/28 MP: 8/13
  1924 | D:4      | Reached skill level 5 in Spellcasting
  1933 | D:4      | Learned a level 4 spell: Iskenderun's Mystic Blast
  1939 | D:4      | Learned a level 5 spell: Iskenderun's Battlesphere
  1962 | D:4      | Noticed Miask's ghost (amateur GrFi)
  1996 | D:3      | Killed from afar by an orc wizard

Skill      XL: |  1  2  3  4  5 |
---------------+----------------+-----
Conjurations   | 5 6 |  6.9
Spellcasting   | 4 5 |  5.0
Dodging        | |  2.4
Stealth        | |  2.4

Action                   |  1- 3 |  4- 6 || total
-------------------------+-------+-------++-------
Melee: Short sword       |    12 |       ||    12
       Flail             |       |     5 ||     5
 Cast: Magic Dart        |    91 |    65 ||   156
  Eat: Chunk             |     1 |     2 ||     3
Armor: Robe              |    11 |       ||    11
Dodge: Dodged            |    13 |    20 ||    33
